 Dungeon Crawl Stone Soup version 0.21.1-1-g345015fe64 (webtiles) character file.

168 Redear the Scratcher (level 5, -9/24 HPs)
             Began as a Felid Monk on Mar 9, 2018.
             Mangled by an ogre
             ... wielding a +0 giant spiked club
              (24 damage)
             ... on level 3 of the Dungeon.
             The game lasted 00:24:27 (4591 turns).

Redear the Scratcher (Felid Monk)                   Turns: 4591, Time: 00:24:27

Health: -9/24      AC:  1    Str:  7    XL:     5   Next: 24%
Magic:  6/6        EV: 20    Int: 12    God:
Gold:   179        SH:  0    Dex: 19    Spells: 4/4 levels left
                                        Lives:  0   Deaths: 1

rFire    . . .     SeeInvis +     - Unarmed
rCold    . . .     Gourm    .   (shield unavailable)
rNeg     . . .     Faith    .   (armour unavailable)
rPois    +         Spirit   .   (helmet unavailable)
rElec    .         Reflect  .   (cloak unavailable)
rCorr    .         Harm     .   (gloves unavailable)
MR       .....                  (boots unavailable)
Stlth    ++++......             (no amulet)
HPRegen  0.08/turn              i - ring of poison resistance
MPRegen  0.10/turn              (no ring)

@: quick
A: very small, no armour, no weapons or thrown items, stealth, claws 1, fangs 3,
see invisible, carnivore, speed 1, shaggy fur 1, slow metabolism 1, sharp paws
a: no special abilities


You were on level 3 of the Dungeon.
You were very full.

You visited 1 branch of the dungeon, and saw 3 of its levels.

You collected 179 gold pieces.

Inventory:

Jewellery
 i - a ring of poison resistance (left paw)
Scrolls
 b - a scroll of random uselessness {unknown}
 d - 2 scrolls of fear {unknown}
 e - 4 scrolls of identify {unknown}
 g - a scroll of remove curse {unknown}
 j - a scroll of blinking {unknown}
 k - a scroll of magic mapping {unknown}
 l - a scroll of enchant armour {unknown}
Potions
 c - a potion of mutation {unknown}
 f - 2 potions of agility {unknown}
 h - a potion of haste {unknown}
 m - 2 potions of heal wounds {unknown}
 n - 2 potions of curing {unknown}
Comestibles
 a - 4 rations
 o - 2 chunks of flesh


   Skills:
 - Level 3.0 Fighting
 - Level 4.0 Dodging
 * Level 5.6 Stealth
 + Level 5.7 Unarmed Combat


You had 4 spell levels left.
You didn't know any spells.

Dungeon Overview and Level Annotations

Branches:
Dungeon (3/15)

Altars:
Hepliaklqana
Uskayaw
The Shining One


Innate Abilities, Weirdness & Mutations

You cannot wear armour.
You are incapable of wielding weapons or throwing items.
Your paws allow you to move quietly. (Stealth)
You have sharp claws.
You have razor-sharp teeth.
You have supernaturally acute eyesight. (SInv)
You are carnivorous and can eat meat at any time.
You cover ground quickly.
You are covered in fur. (AC +1)
You have a slow metabolism.
Your sharp claws are effective at attacking unaware monsters.


Message History

Things that are here:
5 stones; a short sword
There is an open door here.
You see here 2 chunks of flesh.
Things that are here:
5 stones; a short sword
There is an open door here.
You see here a dagger.
o - 2 chunks of flesh
Things that are here:
5 stones; a short sword The ogre shouts!
You claw the ogre!
The ogre is severely wounded.
The ogre completely misses you.
You barely miss the ogre. You bite the ogre, but do no damage.
The ogre is severely wounded.
The ogre hits you with a giant spiked club!!
Ouch! That really hurt!
You die...

...##
##...###.........#
....# ##'##
#####.##### ....#
#.# #.# )...#
#.########.# ...##
##........#.# #.##
##...#####.#.# ###
#.....####.#.#
###..O##.##.#.#
#.....@...(...#
......###.##.##.###
###### #.#####.#
#......[# #########


You could see an ogre.

Vanquished Creatures
  A vampire bat (D:3)
  A jelly (D:3)
  An orc wizard (D:3)
  A centaur skeleton (D:3)
  Jessica (D:2)
  3 adders
  2 leopard geckos (D:1)
  4 orcs (D:3)
  14 bats
  5 giant cockroaches
  12 goblins
  8 hobgoblins
  6 jackals
  A quokka (D:3)
  3 ball pythons
  2 frilled lizards (D:2)
  9 kobolds
  7 rats
81 creatures vanquished.

Notes
Turn   | Place    | Note
-------+----------+-------------------------------------------
     0 | D:1      | Redear the Felid Monk began the quest for the Orb.
     0 | D:1      | Reached XP level 1. HP: 10/10 MP: 2/2
   238 | D:1      | Reached XP level 2. HP: 2/14 MP: 3/3
  1265 | D:1      | Reached XP level 3. HP: 17/17 MP: 4/4
  2078 | D:2      | Noticed Jessica
  2089 | D:2      | Killed Jessica
  2089 | D:2      | Reached XP level 4. HP: 9/21 MP: 5/5
  2653 | D:3      | Found a hide-covered altar of Uskayaw.
  2846 | D:3      | Found a glowing golden altar of the Shining One.
  3091 | D:3      | Reached skill level 5 in Unarmed Combat
  3091 | D:3      | Reached XP level 5. HP: 19/24 MP: 6/6
  3159 | D:3      | Reached skill level 5 in Stealth
  3743 | D:3      | Slain by an orc
  3744 | D:3      | Reached XP level 4. HP: 0/21 MP: 5/5
  3989 | D:3      | Reached XP level 5. HP: 10/24 MP: 6/6
  4170 | D:3      | Found a hazy altar of Hepliaklqana.
  4377 | D:3      | Noticed an ogre
  4591 | D:3      | Mangled by an ogre

Skill      XL: |  1  2  3  4  5 |
---------------+----------------+-----
Stealth        | 3 4 5 |  5.6
Unarmed Combat | 4 5 |  5.7
Fighting       | |  3.0
Dodging        | |  4.0

Action                   |  1- 3 |  4- 6 || total
-------------------------+-------+-------++-------
Melee: Unarmed           |   102 |   148 ||   250
       Bite              |     9 |     9 ||    18
       Punch             |     2 |     4 ||     6
 Stab: Sleeping          |     2 |     4 ||     6
  Eat: Chunk             |     7 |    12 ||    19
Armor: Skin              |     5 |     1 ||     6
Dodge: Dodged            |    79 |   144 ||   223
